AoeStats
← Szymme

Highland

504349842Analyzed
3v3 RM · 26d ago on Sep 5, 2026· 45m 8s· 6 players
Game mode
Random Map
Map size
Normal (6 player)
Population
200
Speed
Normal
Resources
Standard
Victory
Conquest
Starting age
Dark Age
Ending age
Imperial Age
RankedLock teamsTeams togetherTeam positionsShared explorationLock speedFull tech treeHidden civsTurbo modeCheats
Victory
Defeat
🇨🇱 Mongols · Chile
999
+11
🇦🇺 Vikings · Australia
930
+14
🇨🇴 Franks · Colombia
768
+21
🇩🇪 Bohemians · Germany
1034
-21
🇰🇷 Ethiopians · South Korea
858
-14
🇩🇪 Britons · Germany
763
-11
Granatenrambo
14:26 Feudal Age
22:17 Castle Age
20:38 Double-Bit Axe
20:37 Horse Collar
26:03 Masonry
28:23 Bow Saw
30:26 Pikeman
31:07 Squires
42:07 Imperial Age
40:17 Wheelbarrow
changlee8
0:31 Loom
15:34 Feudal Age
16:55 Double-Bit Axe
16:53 Horse Collar
17:06 Town Watch
18:10 Gold Mining
18:13 Stone Mining
24:28 Castle Age
25:18 Squires
25:03 Arson
25:55 Bow Saw
25:47 Heavy Plow
25:52 Town Patrol
25:49 Fletching
26:09 Elite Skirmisher
29:20 Scale Mail Armor
29:20 Padded Archer Armor
31:49 Bodkin Arrow
33:03 Fervor
37:06 Imperial Age
35:23 Chain Mail Armor
38:00 Gold Shaft Mining
38:04 Stone Shaft Mining
37:40 Forging
37:46 Leather Archer Armor
37:37 Scale Barding Armor
37:50 Husbandry
38:09 Heavy Camel Rider
40:07 Wheelbarrow
40:13 Bracer
40:56 Elite Shotel Warrior
42:01 Crossbowman
43:15 Thumb Ring
43:38 Hand Cart
Szymme
0:27 Loom
9:56 Feudal Age
10:20 Horse Collar
11:37 Wheelbarrow
10:50 Double-Bit Axe
12:23 Stone Mining
12:47 Gold Mining
14:14 Town Watch
17:19 Arson
27:52 Castle Age
26:51 Padded Archer Armor
27:27 Fletching
34:17 Bow Saw
34:09 Heavy Plow
34:52 Scale Mail Armor
37:48 Hand Cart
37:39 Town Patrol
37:05 Crossbowman
38:20 Ballistics
39:03 Masonry
38:34 Treadmill Crane
39:05 Fortified Wall
39:28 Yeomen
40:06 Forging
40:11 Chain Mail Armor
39:51 Bodkin Arrow
40:12 Leather Archer Armor
40:12 Guard Tower
40:18 Murder Holes
40:31 Squires
41:19 Gold Shaft Mining
42:28 Heated Shot
46:01 Imperial Age
Witen
11:15 Feudal Age
15:08 Double-Bit Axe
15:16 Gold Mining
15:19 Stone Mining
15:49 Fishing Lines
21:32 Castle Age
23:04 Scale Barding Armor
23:09 Forging
24:43 Gold Shaft Mining
24:13 Husbandry
28:49 Imperial Age
29:17 Cavalier
32:39 Chain Barding Armor
32:56 Iron Casting
34:24 Paladin
35:29 Town Watch
37:19 Blast Furnace
38:13 Plate Barding Armor
37:44 Chivalry
38:05 Conscription
Rbensinhop
11:07 Feudal Age
14:38 Fletching
16:42 Horse Collar
16:48 Double-Bit Axe
23:04 Castle Age
22:52 Padded Archer Armor
23:37 Forging
23:28 Gold Mining
23:08 Crossbowman
28:05 Iron Casting
29:50 Elite Skirmisher
30:39 Scale Barding Armor
31:06 Bloodlines
31:17 Bloodlines
33:02 Bow Saw
34:50 Heavy Plow
39:57 Imperial Age
40:42 Bodkin Arrow
41:56 Gold Shaft Mining
41:58 Bracer
41:46 Elite Mangudai
45:18 Wheelbarrow
45:14 Leather Archer Armor
45:42 Thumb Ring
mallen
10:25 Feudal Age
16:19 Castle Age
14:11 Double-Bit Axe
14:32 Horse Collar
15:46 Gold Mining
15:47 Stone Mining
17:56 Town Watch
21:44 Loom
23:04 Heavy Plow
24:27 Bow Saw
24:58 Gold Shaft Mining
27:32 Town Patrol
29:10 Arson
29:28 Squires
29:34 Caravan
31:14 Gambesons
30:51 Man-at-Arms
32:51 Treadmill Crane
33:35 Ballistics
33:27 Fortified Wall
33:13 Murder Holes
33:29 Masonry
33:43 Ballistics
33:06 Long Swordsman
33:57 Scale Mail Armor
34:07 Forging
36:41 Imperial Age
34:18 Chieftains
35:53 Chain Mail Armor
36:13 Iron Casting
38:25 Chemistry
37:56 Architecture
37:32 Siege Engineers
38:04 Plate Mail Armor
37:00 Capped Ram
38:07 Conscription
38:23 Hoardings
38:51 Blast Furnace
37:51 Siege Ram
39:26 Crop Rotation
40:02 Two-Man Saw
38:26 Two-Handed Swordsman
39:27 Champion
Connection lost

Rejoining the realm…

Still unreachable

The connection could not be restored.

Session expired

The server has moved on; the page needs a fresh start.